 Dungeon Crawl Stone Soup version 0.17.1-1-g73c8601 (webtiles) character file.

307 PossumBlood the Shield-Bearer (level 6, 0/49 HPs)
             Began as a Formicid Fighter on Dec 11, 2015.
             Killed by nerve-wracking pain
             ... invoked by an orc priest
              (12 damage)
             ... on level 4 of the Dungeon.
             The game lasted 00:05:28 (2486 turns).

PossumBlood the Shield-Bearer (Formicid Fighter)    Turns: 2486, Time: 00:05:28

Health: 0/49       AC:  7    Str: 23    XL:     6   Next: 68%
Magic:  6/6        EV:  8    Int:  7    God:
Gold:   180        SH: 10    Dex: 10    Spells: 0 memorised, 5 levels left

rFire  . . .     SeeInvis +     a - +0 long sword
rCold  . . .     Clarity  .     b - +0 scale mail
rNeg   . . .     SustAt   .     c - +0 shield
rPois  .         Gourm    .     (helmet unavailable)
rElec  .         Spirit   .     (no cloak)
rCorr  .         Warding  .     (no gloves)
rMut   .         Stasis   +     (no boots)
MR     .....                    (no amulet)
Stlth  ..........               (no ring)
                                (no ring)

@: not resistant to hostile enchantments, extremely unstealthy
A: permanent stasis, dig shafts and tunnels, four strong arms, antennae 3
a: Dig, Shaft Self


You were on level 4 of the Dungeon.
You were not hungry.

You visited 1 branch of the dungeon, and saw 4 of its levels.

You collected 180 gold pieces.

Inventory:

Hand Weapons
 a - a +0 long sword (weapon)
 o - a +2 flail of crushing
 q - a +3 hand axe
Armour
 b - a +0 scale mail (worn)
 c - a +0 shield (worn)
Wands
 n - a wand of flame (12)
Potions
 d - 2 potions of might
 e - a potion of haste {unknown}
 h - a potion of brilliance {unknown}
 j - a potion of agility
 k - a potion of degeneration {unknown}
 l - a potion of heal wounds {unknown}
 m - 2 potions of cancellation
Comestibles
 f - 2 meat rations
 i - a bread ration


   Skills:
 + Level 4.3 Fighting
 * Level 4.5 Long Blades
 + Level 4.5 Armour
 + Level 4.7 Shields


You had 5 spell levels left.
You didn't know any spells.

Dungeon Overview and Level Annotations

Branches:
Dungeon (4/15)
 Temple: D:4-7

Altars:
Vehumet
Xom
The Shining One


Innate Abilities, Weirdness & Mutations

You are under a permanent stasis effect.
You can dig through walls and to a lower floor.
Your four strong arms can wield two-handed weapons with a shield.
You have a pair of large antennae on your head (SInv).


Message History

You block the orc priest's attack.
You hit the orc priest.
The orc priest is heavily wounded.
The orc priest hits you.
* * * LOW HITPOINT WARNING * * *
The orc priest completely misses you.
You barely miss the orc priest.
The orc priest is heavily wounded.
The orc priest barely misses you.
You hit the orc priest.
The orc priest is heavily wounded.
The orc priest barely misses you.
Drink which item? (? for menu, Esc to quit)
You feel better.
The orc priest hits you but does no damage.
You closely miss the orc priest.
The orc priest is heavily wounded.
The orc priest invokes the aid of Beogh against you.
Pain shoots through your body!
You die...

....# #...# .
#...#.######### .#.
#...#...oo@...# ...
#...#########.# #.#
#...# #.# #.#
#...#########.#### #.#
#................#
#.####..##########.##.#
##......#.# #.# ..
....##...## #.. ##
###.##.#.# ....


You could see an orc priest and an orc.

Vanquished Creatures
  Edmund (D:4)
  An orc priest (D:4)
  Ijyb (D:2)
  A hound (D:4)
  Jessica (D:3)
  4 adders
  A worm (D:3)
  3 giant geckos
  3 orcs
  8 hobgoblins
  2 bats
  A giant newt (D:2)
  4 goblins
  4 kobolds
  11 rats
46 creatures vanquished.

Notes
Turn   | Place    | Note
--------------------------------------------------------------
     0 | D:1      | PossumBlood the Formicid Fighter began the quest for the Orb.
     0 | D:1      | Reached XP level 1. HP: 18/18 MP: 1/1
   244 | D:1      | Reached XP level 2. HP: 14/24 MP: 2/2
   933 | D:2      | Reached XP level 3. HP: 26/29 MP: 3/3
  1153 | D:2      | Reached XP level 4. HP: 25/37 MP: 4/4
  1363 | D:2      | Noticed Ijyb
  1394 | D:2      | Killed Ijyb
  1394 | D:2      | Reached skill level 4 in Shields
  1424 | D:2      | Found a glowing golden altar of the Shining One.
  1424 | D:2      | Found a shimmering altar of Xom.
  1687 | D:3      | Noticed Jessica
  1693 | D:3      | Killed Jessica
  1693 | D:3      | Reached XP level 5. HP: 38/42 MP: 5/5
  2015 | D:4      | Found a radiant altar of Vehumet.
  2220 | D:4      | Noticed Edmund
  2237 | D:4      | Killed Edmund
  2237 | D:4      | Reached XP level 6. HP: 24/48 MP: 6/6
  2486 | D:4      | Killed from afar by an orc priest

Action                   |  1- 3 |  4- 6 || total
-------------------------+-------+-------++-------
Melee: Long sword        |    95 |   106 ||   201
  Use: Scroll            |     1 |     4 ||     5
       Potion            |       |     2 ||     2
  Eat: Bread ration      |     1 |     1 ||     2
